 Dungeon Crawl Stone Soup version 0.23-a0-730-g0b75920 (webtiles) character file.

104 Inarius the Ducker (level 4, -1/21 HPs)
             Began as a Felid Berserker on Jan 17, 2019.
             Was a Believer of Trog.
             Killed by divine providence
             ... invoked by an orc priest
              (9 damage)
             ... on level 3 of the Dungeon.
             The game lasted 00:05:05 (2786 turns).

Inarius the Ducker (Felid Berserker)                Turns: 2786, Time: 00:05:07

Health: -1/21      AC:  1    Str: 14    XL:     4   Next: 52%
Magic:  5/5        EV: 20    Int:  9    God:    Trog [**....]
Gold:   173        SH:  0    Dex: 15    Spells: 3/3 levels left
                                        Lives:  0   Deaths: 1

rFire    . . .     SeeInvis +     - Unarmed
rCold    . . .     Gourm    .   (shield unavailable)
rNeg     . . .     Faith    .   (armour unavailable)
rPois    .         Spirit   .   (helmet unavailable)
rElec    .         Reflect  .   (cloak unavailable)
rCorr    .         Harm     .   (gloves unavailable)
MR       ++...                  (boots unavailable)
Stlth    +++.......             (no amulet)
HPRegen  1.07/turn              c - ring of flight
MPRegen  0.09/turn              (no ring)

@: regenerating, quick
A: very small, no armour, no weapons or thrown items, stealth, claws 1, fangs 3,
see invisible, carnivore, speed 1, shaggy fur 1, slow metabolism 1, sharp paws
a: Berserk, Trog's Hand, Renounce Religion, Evoke Flight


You were on level 3 of the Dungeon.
You worshipped Trog.
Trog was pleased with you.
You were completely stuffed.

You visited 1 branch of the dungeon, and saw 3 of its levels.

You collected 173 gold pieces.

Inventory:

Jewellery
 c - a ring of flight (left paw)
Scrolls
 e - a scroll of remove curse {unknown}
 f - a scroll of magic mapping {unknown}
 h - a scroll of blinking {unknown}
 i - a scroll of teleportation {unknown}
Potions
 b - a potion of brilliance {unknown}
 d - a potion of agility {unknown}
 g - 2 potions of curing
 j - a potion of degeneration {unknown}
Comestibles
 a - 2 rations


   Skills:
 + Level 3.5 Fighting
 + Level 5.1 Dodging
 * Level 3.5 Stealth
 + Level 4.6 Unarmed Combat


You had 3 spell levels left.
You didn't know any spells.
Your spell library was empty.

Dungeon Overview and Level Annotations

Branches:
Dungeon (3/15)

Altars:
Dithmenos


Innate Abilities, Weirdness & Mutations

You cannot wear armour.
You are incapable of wielding weapons or throwing items.
Your paws allow you to move quietly. (Stealth)
You have sharp claws.
You have razor-sharp teeth.
You have supernaturally acute eyesight. (SInv)
You are carnivorous and can eat meat at any time.
You cover ground quickly.
You are covered in fur. (AC +1)
You have a slow metabolism.
Your sharp claws are effective at attacking unaware monsters.


Message History

The orc priest is lightly wounded.
The orc hits you with a cursed -1 morningstar!
* * * LOW HITPOINT WARNING * * *
You are too injured to fight recklessly!
You are too injured to fight recklessly!
You are too injured to fight recklessly!
You are too injured to fight recklessly!
You scratch the orc priest but do no damage.
The orc priest is lightly wounded.
The orc priest misses you. The orc misses you.
Your skin crawls.
You feel resistant to hostile enchantments.
You feel somewhat less full.
The orc throws a tomahawk.
The tomahawk misses you.
The orc priest begins to cast a cantrip, but forgets the words!
You scratch the orc priest but do no damage.
The orc priest is lightly wounded.
The orc priest mumbles some strange prayers to Beogh against you.
Beogh smites you!
You die...

##......+..#..........#
#...#...####.....######
##..........##....#####
#[......###...........#
#.......# #...........#
##......###...........#
###......##.(..........#
..##...####.....#......##
..##......+.....@o.......
...##.#####...###o.......
...##...........)#.......
....#.#.......... .......
....#.#.......... .......
......#....#.#... .......
###...#......#.#'#...####
......#......#........
รท.....#..........###..#


You could see an orc priest and an orc.

Vanquished Creatures
  An orc priest (D:3)
  Robin (D:2)
  5 adders
  A worm (D:3)
  2 dart slugs (D:2)
  A leopard gecko (D:1)
  7 orcs (D:3)
  10 bats
  2 giant cockroaches (D:2)
  13 goblins
  15 hobgoblins
  10 jackals
  2 kobolds
  A quokka (D:3)
  4 frilled lizards
  5 rats
80 creatures vanquished.

Notes
Turn   | Place    | Note
-------+----------+-------------------------------------------
     0 | D:1      | Inarius the Felid Berserker began the quest for the Orb.
     0 | D:1      | Reached XP level 1. HP: 10/10 MP: 2/2
   185 | D:1      | Reached skill level 1 in Stealth
   185 | D:1      | Reached XP level 2. HP: 9/14 MP: 3/3
   737 | D:2      | Reached XP level 3. HP: 17/17 MP: 4/4
  1068 | D:2      | Reached ** piety under Trog
  1157 | D:2      | Reached XP level 4. HP: 21/21 MP: 5/5
  1167 | D:2      | Noticed Robin
  1398 | D:2      | Killed Robin
  1705 | D:2      | Found a shadowy altar of Dithmenos.
  2086 | D:2      | Found a faded altar of an unknown god.
  2178 | D:3      | Reached skill level 5 in Dodging
  2220 | D:3      | Reached XP level 5. HP: 15/24 MP: 6/6
  2230 | D:3      | HP: 1/24 [orc/+0 club (1)]
  2230 | D:3      | Slain by a ball python
  2231 | D:3      | Reached XP level 4. HP: 0/21 MP: 5/5
  2786 | D:3      | Killed from afar by an orc priest

Vault maps used:
D:1:      scummos_arrival_star
D:2:      grunt_dithmenos_smoke_and_mirrors, chequers_ecumenical_altar_lobes,
          st_stairs_10, nicolae_underground_beach, uniq_robin
D:3:      lemuel_coloured_pillars_altar, trog_eyes_of_draining,
          lemuel_round_altar, first_ration, minmay_misc_feat_x

Skill      XL: |  1  2  3  4 |
---------------+-------------+-----
Stealth        | 1 2 3 |  3.5
Unarmed Combat | 4 |  4.6
Dodging        | 5 |  5.1
Fighting       | |  3.5

Action                   |  1- 3 |  4- 6 || total
-------------------------+-------+-------++-------
Melee: Unarmed           |    82 |   131 ||   213
       Bite              |     4 |    12 ||    16
       Punch             |     2 |     3 ||     5
Invok: Berserk           |     2 |     1 ||     3
       Trog's Hand       |       |     3 ||     3
  Use: Potion            |       |     1 ||     1
 Stab: Sleeping          |     5 |     3 ||     8
  Eat: Chunk             |    10 |     9 ||    19
Armor: Skin              |    11 |     7 ||    18
Dodge: Dodged            |    76 |   114 ||   190

Table legend:
 A = Non-vault XP
 B = Vault XP
 C = Vault XP percentage of total XP
 D = Non-vault monster count
 E = Vault monster count
 F = Vault count percentage of total count
                 A         B        C        D         E       F
            +---------+---------+-------+---------+---------+-------
      Total |     204 |      64 |  23.9 |      65 |      15 |  18.8
            +---------+---------+-------+---------+---------+-------
        D:1 |      34 |       0 |   0.0 |      20 |       0 |   0.0
        D:2 |      75 |      64 |  46.0 |      27 |      15 |  35.7
        D:3 |      95 |       0 |   0.0 |      18 |       0 |   0.0
            +---------+---------+-------+---------+---------+-------
